 Dungeon Crawl Stone Soup version 0.24-a0-537-g2d01d4ab0a (webtiles) character file.

Game seed: 4457699435929980668

708 Esekla the Skirmisher (level 7, -8/60 HPs)
             Began as a Gnoll Abyssal Knight on Aug 13, 2019.
             Was a Priest of Lugonu.
             Splashed by Eustachio the acid dragon's acid (10 damage)
             ... on level 5 of the Dungeon.
             The game lasted 00:32:38 (4495 turns).

Esekla the Skirmisher (Gnoll Abyssal Knight)        Turns: 4495, Time: 00:32:41

Health: -8/60      AC:  2    Str: 15    XL:     7   Next: 67%
Magic:  11/11      EV: 13    Int: 14    God:    Lugonu [***...]
Gold:   248        SH:  5    Dex: 16    Spells: 11/11 levels left

rFire    . . .     SeeInvis .   a - +2 falchion
rCold    . . .     Gourm    .   d - +0 buckler
rNeg     . . .     Faith    .   r - +2 leather armour {MR+}
rPois    .         Spirit   .   (no helmet)
rElec    .         Reflect  .   (no cloak)
rCorr    .         Harm     .   o - +0 pair of gloves
MR       +....                  (no boots)
Stlth    ++........             (no amulet)
HPRegen  0.20/turn              (no ring)
MPRegen  0.12/turn              (no ring)

@: about to teleport, corroded
A: distributed training, fangs 1, strong nose
a: Depart the Abyss, Bend Space, Banish, Renounce Religion


You were on level 5 of the Dungeon.
You worshipped Lugonu.
Lugonu was most pleased with you.
You were not hungry.

You visited 1 branch of the dungeon, and saw 6 of its levels.
You visited the Abyss 1 time.

You collected 248 gold pieces.

Inventory:

Hand Weapons
 a - a +2 falchion (weapon)
 l - a +0 spear
 n - a +0 short sword
Missiles
 m - 42 sling bullets
 q - 4 boomerangs (quivered)
Armour
 b - a +1 leather armour of cold resistance
 d - a +0 buckler (worn)
 o - a +0 pair of gloves (worn)
 r - a +2 leather armour of magic resistance (worn)
Wands
 u - a wand of polymorph (9)
Scrolls
 f - 2 scrolls of identify
 h - a scroll of enchant weapon
 i - a scroll of immolation {unknown}
 j - a scroll of blinking {unknown}
 k - 4 scrolls of remove curse
 p - a scroll of fog {unknown}
Potions
 g - a potion of ambrosia
 s - a potion of lignification
 t - a potion of curing
 v - a potion of might
Comestibles
 c - 4 rations


   Skills:
 + Level 7.1 Fighting
 + Level 2.6 Short Blades
 + Level 5.3 Long Blades
 + Level 2.6 Axes
 + Level 2.6 Maces & Flails
 + Level 2.6 Polearms
 + Level 2.6 Staves
 + Level 2.6 Slings
 + Level 2.6 Bows
 + Level 2.6 Crossbows
 + Level 2.6 Throwing
 + Level 5.3 Armour
 + Level 3.7 Dodging
 + Level 2.6 Stealth
 + Level 2.6 Shields
 + Level 2.6 Unarmed Combat
 + Level 2.6 Spellcasting
 + Level 2.1 Conjurations
 + Level 2.1 Hexes
 + Level 2.1 Charms
 + Level 2.1 Summonings
 + Level 2.1 Necromancy
 + Level 2.1 Translocations
 + Level 2.1 Transmutations
 + Level 2.1 Fire Magic
 + Level 2.1 Ice Magic
 + Level 2.1 Air Magic
 + Level 2.1 Earth Magic
 + Level 2.1 Poison Magic
 + Level 5.4 Invocations
 + Level 2.6 Evocations


You had 11 spell levels left.
You didn't know any spells.
Your spell library was empty.

Dungeon Overview and Level Annotations

Branches:
Dungeon (6/15)
 Temple: D:4-7

Altars:
Nemelex Xobeh
Qazlal
The Shining One

Shops:
D:5 %

Annotations:
D:5 Edmund, Eustachio


Innate Abilities, Weirdness & Mutations

Your experience applies equally to all skills.
You have very sharp teeth.
Your uncanny sense of smell can sniff out nearby items.


Message History

You slash Eustachio!
Eustachio is moderately wounded.
Eustachio spits acid at you. The splash of acid hits you!
The acid corrodes you!
You are splashed with acid!
* * * LOW HITPOINT WARNING * * *
Space bends around you!
You blink.
Eustachio spits acid at you. The splash of acid misses you.
Okay, then.
As you read the scroll of identify, it crumbles to dust.
v - a potion of might
As you read the scroll of teleportation, it crumbles to dust.
You feel strangely unstable.
You slash Eustachio!
Eustachio is heavily wounded.
Eustachio spits acid at you. The splash of acid hits you!
* * * LOW HITPOINT WARNING * * *
You are splashed with acid!
You die...

#..####...
########.##......
#................
########.....[...#......
#.............≈≈.≈≈.....
#.......#.....≈#'#≈.....
#.......#.....≈#∩#≈.....
#.......D.....≈###≈.....
#......@#.....≈≈≈≈≈.....
#.......#..<....##......
#.........D..##.........
#............##.#.......
#########.)...#.........
############....#......
##......##..............
##........##.....###.....
#.............).## ##....


You could see Eustachio the acid dragon.

Vanquished Creatures
  A sky beast (D:5)
  An ogre (D:4)
  A bullfrog skeleton (D:4)
  3 hounds
  4 orc wizards
  A gnoll shaman (D:5)
  An iguana (D:4)
  A worker ant (D:4)
  A hound zombie (D:5)
  A gnoll (D:6)
  6 adders
  A howler monkey skeleton (D:4)
  An ooze (D:2)
  2 worms
  3 dart slugs
  5 leopard geckos
  17 orcs
  3 bats
  4 giant cockroaches
  4 goblins
  13 hobgoblins
  8 jackals
  8 kobolds
  2 ball pythons (D:1)
  6 frilled lizards
  3 leopard gecko skeletons
  11 rats
112 creatures vanquished.

Vanquished Creatures (others)
  An orc wizard (D:4)
  2 starspawn tentacles (Abyss:1)
3 creatures vanquished.

Grand Total: 115 creatures vanquished

Notes
Turn   | Place    | Note
-------+----------+-------------------------------------------
     0 | Abyss:1  | Esekla the Gnoll Abyssal Knight began the quest for the
                  | Orb.
     0 | Abyss:1  | Reached XP level 1. HP: 23/23 MP: 3/3
    53 | Abyss:1  | Noticed a tentacled starspawn
   106 | D:1      | Escaped the Abyss
   338 | D:1      | Reached * piety under Lugonu
   338 | D:1      | Reached XP level 2. HP: 29/29 MP: 5/5
   610 | D:1      | Reached XP level 3. HP: 27/35 MP: 6/6
  1076 | D:2      | Reached skill level 1 in Short Blades
  1076 | D:2      | Reached skill level 1 in Axes
  1076 | D:2      | Reached skill level 1 in Maces & Flails
  1076 | D:2      | Reached skill level 1 in Polearms
  1076 | D:2      | Reached skill level 1 in Staves
  1076 | D:2      | Reached skill level 1 in Slings
  1076 | D:2      | Reached skill level 1 in Bows
  1076 | D:2      | Reached skill level 1 in Crossbows
  1076 | D:2      | Reached skill level 1 in Throwing
  1076 | D:2      | Reached skill level 1 in Stealth
  1076 | D:2      | Reached skill level 1 in Shields
  1076 | D:2      | Reached skill level 1 in Unarmed Combat
  1076 | D:2      | Reached skill level 1 in Spellcasting
  1076 | D:2      | Reached skill level 1 in Evocations
  1109 | D:2      | Reached XP level 4. HP: 24/41 MP: 7/7
  1705 | D:3      | Reached ** piety under Lugonu
  1712 | D:3      | Reached skill level 1 in Conjurations
  1712 | D:3      | Reached skill level 1 in Hexes
  1712 | D:3      | Reached skill level 1 in Charms
  1712 | D:3      | Reached skill level 1 in Summonings
  1712 | D:3      | Reached skill level 1 in Necromancy
  1712 | D:3      | Reached skill level 1 in Translocations
  1712 | D:3      | Reached skill level 1 in Transmutations
  1712 | D:3      | Reached skill level 1 in Fire Magic
  1712 | D:3      | Reached skill level 1 in Ice Magic
  1712 | D:3      | Reached skill level 1 in Air Magic
  1712 | D:3      | Reached skill level 1 in Earth Magic
  1712 | D:3      | Reached skill level 1 in Poison Magic
  1796 | D:3      | Reached XP level 5. HP: 33/47 MP: 8/8
  1934 | D:3      | Found a sparkling altar of Nemelex Xobeh.
  2543 | D:5      | Entered Level 5 of the Dungeon
  2543 | D:5      | Noticed a sky beast
  2664 | D:4      | Reached XP level 6. HP: 42/53 MP: 9/9
  2678 | D:4      | Reached skill level 5 in Invocations
  2818 | D:4      | Reached skill level 5 in Long Blades
  2818 | D:4      | Reached skill level 5 in Armour
  3175 | D:5      | Noticed Edmund
  3284 | D:4      | Found a stormy altar of Qazlal.
  3399 | D:5      | Found a glowing golden altar of the Shining One.
  3403 | D:5      | Reached *** piety under Lugonu
  3737 | D:5      | Reached XP level 7. HP: 59/59 MP: 10/10
  3755 | D:4      | Reached skill level 7 in Fighting
  3772 | D:5      | Noticed Eustachio
  4148 | D:5      | Found Enluntaukh's Food Shop.
  4480 | D:5      | Noticed Eustachio
  4480 | D:5      | Eustachio changed into Eustachio the acid dragon
  4495 | D:5      | HP: 2/60 [Eustachio the acid dragon/splash of acid (13)]
  4495 | D:5      | Splashed by Eustachio the acid dragon's acid

Levels and vault maps discovered:
D:1:      wheals_arrival_linesprint, layout_basic
D:2:      layout_loops_corners, first_ration
D:3:      layout_loops_cross, serial_aquarium, aquarium_bridge_straight
          [aquarium_subvault_bridge, aquarium_subvault_window,
          aquarium_subvault_bridge, aquarium_subvault_window],
          aquarium_window_corner, aquarium_window_fake, aquarium_view_2b,
          aquarium_pool_double, nemelex_lonely_heart_becter
D:4:      layout_basic, kennysheep_mini, minmay_strange_pillars
D:5:      layout_rooms, tso_metal_star, serial_shops, kennysheep_mini_moat,
          uniq_menkaure, uniq_edmund, uniq_eustachio
D:6:      layout_rooms, minmay_temple_entry_statues_pillars,
          minmay_misc_feat_rows

Skill      XL: |  1  2  3  4  5  6  7 |
---------------+----------------------+-----
Short Blades   | 1 2 |  2.6
Axes           | 1 2 |  2.6
Maces & Flails | 1 2 |  2.6
Polearms       | 1 2 |  2.6
Staves         | 1 2 |  2.6
Slings         | 1 2 |  2.6
Bows           | 1 2 |  2.6
Crossbows      | 1 2 |  2.6
Throwing       | 1 2 |  2.6
Stealth        | 1 2 |  2.6
Shields        | 1 2 |  2.6
Unarmed Combat | 1 2 |  2.6
Spellcasting   | 1 2 |  2.6
Evocations     | 1 2 |  2.6
Conjurations   | 1 2 |  2.1
Hexes          | 1 2 |  2.1
Charms         | 1 2 |  2.1
Summonings     | 1 2 |  2.1
Necromancy     | 1 2 |  2.1
Translocations | 1 2 |  2.1
Transmutations | 1 2 |  2.1
Fire Magic     | 1 2 |  2.1
Ice Magic      | 1 2 |  2.1
Air Magic      | 1 2 |  2.1
Earth Magic    | 1 2 |  2.1
Poison Magic   | 1 2 |  2.1
Dodging        | 3 |  3.7
Invocations    | 5 |  5.4
Long Blades    | 5 |  5.3
Armour         | 5 |  5.3
Fighting       | 7 |  7.1

Action                   |  1- 3 |  4- 6 |  7- 9 || total
-------------------------+-------+-------+-------++-------
Melee: Falchion          |    94 |   254 |    79 ||   427
       Bite              |    14 |    37 |     7 ||    58
Throw: Boomerang         |       |    10 |     6 ||    16
Invok: Depart the Abyss  |     1 |       |       ||     1
       Bend Space        |       |     1 |     1 ||     2
Evoke: Wand              |       |       |     1 ||     1
  Use: Scroll            |       |     7 |     2 ||     9
 Stab: Sleeping          |     4 |     3 |       ||     7
       Distracted        |       |     1 |       ||     1
  Eat: Ration            |     1 |     2 |     1 ||     4
Armor: Leather armour    |    20 |    65 |    20 ||   105
Dodge: Dodged            |    39 |   114 |    38 ||   191
Block: Buckler           |     3 |    50 |    19 ||    72
       Rpst.: Falchion   |    11 |    37 |    13 ||    61

Table legend:
 A = Non-vault XP
 B = Vault XP
 C = Vault XP percentage of total XP
 D = Non-vault monster count
 E = Vault monster count
 F = Vault count percentage of total count
                 A         B        C        D         E       F
            +---------+---------+-------+---------+---------+-------
      Total |    1012 |       0 |   0.0 |     112 |       0 |   0.0
            +---------+---------+-------+---------+---------+-------
        D:1 |      34 |       0 |   0.0 |      22 |       0 |   0.0
        D:2 |      91 |       0 |   0.0 |      27 |       0 |   0.0
        D:3 |      90 |       0 |   0.0 |      18 |       0 |   0.0
        D:4 |     525 |       0 |   0.0 |      31 |       0 |   0.0
        D:5 |     242 |       0 |   0.0 |       8 |       0 |   0.0
        D:6 |      30 |       0 |   0.0 |       6 |       0 |   0.0
            +---------+---------+-------+---------+---------+-------
